 Dungeon Crawl Stone Soup version 0.18-a0-1799-g6250cb2 (webtiles) character file.

6573 4thArraOfDagon the Carver (level 11, -11/86 HPs)
             Began as a Formicid Arcane Marksman on Apr 23, 2016.
             Was an Elder of Ru.
             Mangled by a two-headed ogre
             ... wielding a +0 giant club
              (17 damage)
             ... on level 8 of the Dungeon.
             The game lasted 00:48:59 (8399 turns).

4thArraOfDagon the Carver (FoAM)                    Turns: 8399, Time: 00:49:00

Health: -11/86     AC:  8    Str: 12 (15) XL:     11   Next: 21%
Magic:  12/12      EV: 10    Int: 14      God:    Ru [****..]
Gold:   553        SH:  0    Dex: 11      Spells: 2 memorised, 9 levels left

rFire  . . .     SeeInvis +     o - +0 great sword
rCold  . . .     Gourm    .     j - +0 ring mail
rNeg   . . .     Faith    +     (no shield)
rPois  .         Spirit   .     (helmet unavailable)
rElec  .         Dismiss  .     (no cloak)
rCorr  .         Reflect  .     k - +0 pair of gloves
SustAt .         Harm     .     (no boots)
MR     +....                    G - amulet of faith
Stlth  +.........               (no ring)
                                (no ring)

@: exhausted, drained, somewhat resistant to hostile enchantments, very
unstealthy
A: permanent stasis, dig shafts and tunnels, four strong arms, antennae 3,
mutation resistance 1, weak 1, subdued magic 1, inability to use devices
a: Dig, Shaft Self, Draw Out Power, Power Leap, Renounce Religion


You were on level 8 of the Dungeon.
You worshipped Ru.
Ru was greatly pleased with you.
You were not hungry.

You visited 1 branch of the dungeon, and saw 14 of its levels.
You visited the Abyss 1 time.
You also visited: Ossuary.

You collected 553 gold pieces.

Inventory:

Hand Weapons
 a - a +0 hand crossbow
 g - a +1 long sword
 o - a +0 great sword (weapon)
 q - a +0 blowgun
 I - the +0 long sword of Hatred {slice, MP+9 Str-2 Dex+3}
   (You found it on level 3 of the Abyss)

   It inflicts extra damage upon your enemies.
   It affects your strength (-2).
   It affects your dexterity (+3).
   It affects your magic capacity (+9).
Missiles
 d - 69 bolts
 x - 4 curare-tipped needles
Armour
 j - a +0 ring mail (worn)
 k - a +0 pair of gloves (worn)
 n - a troll hide
 t - the +2 leather armour "Zusimafi" {+Fly rN+++ MP+9 Str-2}
   (You found it on level 9 of the Dungeon)

   It affects your strength (-2).
   It renders you almost immune to negative energy.
   It affects your magic capacity (+9).
   It lets you fly.
Magical Staves
 e - an uncursed staff of fire {unknown}
Jewellery
 G - an amulet of faith (around neck)
Scrolls
 h - 2 scrolls of remove curse
 i - 3 scrolls of amnesia
 m - a scroll of identify
 r - 2 scrolls of blinking {unknown}
 s - a scroll of noise
 y - a scroll of immolation
Potions
 l - 4 potions of flight
 v - a potion of magic
 w - a potion of curing
 z - a potion of haste
 A - 2 potions of brilliance
 B - a potion of cure mutation
 D - a potion of berserk rage
Books
 c - a book of Debilitation

   Spells                             Type                      Level
   a - Corona                         Hexes                        1
   b - Slow                           Hexes                        2
   c - Gell's Gravitas                Hexes/Translocation          3
   d - Inner Flame                    Hexes/Fire                   3
   e - Cause Fear                     Hexes                        4
   f - Leda's Liquefaction            Hexes/Earth                  4
 C - a book of Changes

   Spells                             Type                      Level
   a - Beastly Appendage              Transmutation                1
   b - Sticks to Snakes               Transmutation                2
   c - Spider Form                    Transmutation/Poison         3
   d - Ice Form                       Ice/Transmutation            4
   e - Blade Hands                    Transmutation                5
 E - a book of Envenomations

   Spells                             Type                      Level
   a - Spider Form                    Transmutation/Poison         3
   b - Olgreb's Toxic Radiance        Poison                       4
   c - Alistair's Intoxication        Transmutation/Poison         5
   d - Poisonous Cloud                Conjuration/Poison/Air       6
Comestibles
 f - 7 bread rations
 p - 2 meat rations
 u - 7 beef jerkies


   Skills:
 + Level 7.8(7.4) Fighting
 * Level 12.5(12.0) Long Blades
 - Level 2.0(1.7) Crossbows
 + Level 7.9(7.5) Armour
 - Level 1.7(1.4) Dodging
 - Level 1.1(0.7) Spellcasting
 - Level 3.6(3.2) Hexes


You had 9 spell levels left.
You knew the following spells:

 Your Spells              Type           Power        Failure   Level  Hunger
a - Corona                Hex            #......      14%         1    ##.....
b - Slow                  Hex            #.......     21%         2    ###....


Dungeon Overview and Level Annotations

Branches:
Dungeon (14/15)            Temple (0/1) D:5            Lair (0/8) D:9
    Orc (0/2) D:10
 Vaults: D:13-14

Altars:
Cheibriados
Dithmenos
Elyvilon
Fedhas
Gozag
Kikubaaqudgha
Okawaru
Pakellas
Ru
Sif Muna
Yredelemnul
Zin
The Shining One

Shops:
D:9 =   D:10 =

Annotations:
D:10 exclusion: downstairs
D:11 Josephine


Innate Abilities, Weirdness & Mutations

You are under a permanent stasis effect.
You can dig through walls and to a lower floor.
Your four strong arms can wield two-handed weapons with a shield.
You have a pair of large antennae on your head (SInv).
You are weak. (Str -2)
You cannot study or use magical devices.
You are somewhat resistant to further mutation.
Your spells are a little easier to cast, but a little less powerful.


Message History

The phantom blinks!
Unknown command.
You are restored by drawing out deep reserves of power within.
You feel drained.
Unknown command.
You hit the two-headed ogre.
The two-headed ogre is almost dead.
You hit the two-headed ogre.
The two-headed ogre is almost dead.
The two-headed ogre hits you with a giant club!
* * * LOW HITPOINT WARNING * * *
The two-headed ogre hits you with a giant spiked club!
* * * LOW HITPOINT WARNING * * *
Unknown command.
You hit the two-headed ogre but do no damage.
The two-headed ogre is almost dead.
The two-headed ogre hits you with a giant club!
* * * LOW HITPOINT WARNING * * *
The two-headed ogre hits you with a giant spiked club!
You die...

## .. .####. ###### #####.#.....
##############....####.....#.....
................@....+........>..
##........####.##O####.....#.....
##........####.#..####.......##..
.'...................#.......##..
##................##.........##..
####'#...........##............
#####.............##............
...............################<
...............#


You could see a two-headed ogre.

Vanquished Creatures
  A centaur warrior (D:9)
  Joseph (D:8)
  A gargoyle (D:11)
  A two-headed ogre (D:8)
  A troll (D:9)
  Prince Ribbit (D:9)
  Sigmund (D:2)
  A shadow (D:10)
  A yak (D:12)
  A hippogriff (D:9)
  2 hungry ghosts
  3 wargs (D:9)
  Menkaure (D:6)
  A water moccasin (D:8)
  An orc warrior (D:11)
  An ice beast (D:9)
  A black bear (D:9)
  2 necrophages
  3 phantoms
  An ogre (D:8)
  5 centaurs
  A big kobold (D:10)
  4 giant frogs
  5 scorpions
  A killer bee (D:10)
  8 wights
  5 howler monkeys
  5 crimson imps
  4 hounds
  A quasit (D:8)
  4 orc priests
  3 centaur zombies
  2 giant frog skeletons
  8 orc wizards
  4 iguanas
  Natasha (D:3)
  3 worker ants
  A hound zombie (D:6)
  2 worker ant zombies
  2 howler monkey skeletons
  8 adders
  3 shadow imps
  2 oozes
  An adder skeleton (D:4)
  2 worms (D:3)
  6 giant geckos
  26 orcs
  3 giant cockroaches
  4 goblins
  4 hobgoblins
  4 jackals
  7 kobolds
  2 quokkas
  A ball python (D:1)
  2 bats
  15 giant newts
  A hobgoblin zombie (Ossuary)
  A jackal skeleton (D:5)
  A kobold zombie (Ossuary)
  3 orc zombies (Ossuary)
  A quokka skeleton (D:7)
  4 rats
196 creatures vanquished.

Vanquished Creatures (others)
  2 phantoms
  A worm (D:4)
  A quokka (D:9)
4 creatures vanquished.

Grand Total: 200 creatures vanquished

Notes
Turn   | Place    | Note
--------------------------------------------------------------
     0 | D:1      | 4thArraOfDagon the Formicid Arcane Marksman began the quest for the Orb.
     0 | D:1      | Reached XP level 1. HP: 15/15 MP: 2/2
     3 | D:1      | You fall through a shaft!
    31 | D:2      | Found a glowing silver altar of Zin.
    31 | D:2      | Found a white marble altar of Elyvilon.
    32 | D:2      | Found a blossoming altar of Fedhas.
    34 | D:2      | Found an oddly glowing altar of Pakellas.
    36 | D:2      | Found a basalt altar of Yredelemnul.
    36 | D:2      | Found a shadowy altar of Dithmenos.
    36 | D:2      | Found a glowing golden altar of the Shining One.
    37 | D:2      | Found a snail-covered altar of Cheibriados.
    38 | D:2      | Found a deep blue altar of Sif Muna.
    39 | D:2      | Found an ancient bone altar of Kikubaaqudgha.
    40 | D:2      | Found a sacrificial altar of Ru.
    41 | D:2      | Found an iron altar of Okawaru.
    45 | D:2      | Became a worshipper of Ru the Awakened
   149 | D:1      | Reached skill level 1 in Long Blades
   168 | D:1      | Reached XP level 2. HP: 21/21 MP: 3/3
   202 | D:1      | jacquesderrida: ent
   288 | D:1      | Reached skill level 2 in Long Blades
   320 | D:1      | Reached XP level 3. HP: 21/26 MP: 4/4
   356 | D:2      | You fall through a shaft for 2 floors!
   377 | D:5      | Entered Level 5 of the Dungeon
   378 | D:5      | Reached skill level 3 in Long Blades
   378 | D:5      | Reached XP level 4. HP: 30/32 MP: 5/5
   414 | D:5      | Learned a level 2 spell: Slow
   446 | D:5      | Found a sand-covered staircase.
   458 | Ossuary  | Entered an ossuary
   596 | D:6      | RIP
   659 | D:5      | Reached skill level 4 in Long Blades
   950 | D:5      | Reached XP level 5. HP: 24/37 MP: 6/6
  1320 | D:5      | Gained mutation: You cannot study or use magical devices. [Ru sacrifice]
  1320 | D:5      | Reached * piety under Ru
  1320 | D:5      | Reached ** piety under Ru
  1320 | D:5      | Reached *** piety under Ru
  1553 | D:5      | Reached skill level 5 in Long Blades
  1569 | D:5      | Reached XP level 6. HP: 35/43 MP: 7/7
  1650 | D:5      | Reached skill level 6 in Long Blades
  1858 | D:4      | Noticed a phantom
  1874 | D:4      | Killed a phantom
  1874 | D:4      | Reached XP level 7. HP: 19/48 MP: 8/8
  1915 | D:4      | Reached skill level 7 in Long Blades
  2129 | D:3      | Found an opulent altar of Gozag.
  2278 | D:3      | Noticed Natasha
  2284 | D:3      | Killed Natasha
  2631 | D:2      | Reached skill level 1 in Armour
  2635 | D:2      | Noticed Sigmund
  2654 | D:2      | Killed Sigmund
  2654 | D:2      | Reached skill level 8 in Long Blades
  2654 | D:2      | Reached XP level 8. HP: 38/56 MP: 9/9
  2950 | D:5      | Found a staircase to the Ecumenical Temple.
  3436 | D:7      | RIP
  3439 | D:7      | You fall through a shaft for 3 floors!
  3439 | D:10     | Entered Level 10 of the Dungeon
  3675 | D:9      | Got a brightly glowing leather armour
  3686 | D:9      | Found Caix's Jewellery Shop.
  3690 | D:9      | Reached skill level 9 in Long Blades
  3709 | D:8      | Noticed a two-headed ogre
  3732 | D:8      | You fall through a shaft for 2 floors!
  3753 | D:10     | Identified the +2 leather armour "Zusimafi" {+Fly rN+++ MP+9 Str-2} (You found it on level 9 of the Dungeon)
  3799 | D:9      | Reached XP level 9. HP: 51/65 MP: 10/10
  3846 | D:10     | Found a staircase to the Orcish Mines.
  3903 | D:10     | Found Budazug's Jewellery Shoppe.
  3985 | D:11     | Noticed Josephine
  4136 | D:10     | Noticed a tengu warrior
  4264 | D:8      | Noticed a two-headed ogre
  4300 | D:8      | Noticed Joseph
  4866 | D:6      | Noticed Menkaure
  4873 | D:6      | Killed Menkaure
  4873 | D:6      | Reached skill level 10 in Long Blades
  4875 | D:6      | Gained mutation: You are weak. (Str -2) [Ru sacrifice]
  4875 | D:6      | Reached **** piety under Ru
  4928 | D:6      | Reached skill level 5 in Fighting
  4928 | D:6      | Reached skill level 5 in Armour
  5181 | D:7      | You fall through a shaft for 3 floors!
  5380 | D:11     | Noticed a gargoyle
  5659 | D:11     | Reached XP level 10. HP: 65/74 MP: 11/11
  5694 | D:11     | You fall through a shaft for 2 floors!
  5694 | D:13     | Noticed a cyclops
  5697 | D:13     | You fall through a shaft!
  5900 | D:13     | Noticed a hill giant
  5920 | D:14     | Noticed a wizard
  5920 | D:14     | Cast into level 2 of the Abyss (a wizard)
  5961 | Abyss:3  | Found a corrupted altar of Lugonu.
  5973 | Abyss:3  | Got a smoking long sword
  5974 | Abyss:3  | Identified the cursed +0 long sword of Hatred {slice, MP+9 Str-2 Dex+3} (You found it on level 3 of the Abyss)
  5985 | Abyss:3  | Noticed a bone dragon
  6007 | Abyss:3  | Noticed a wretched star
  6013 | Abyss:3  | Noticed a wretched star
  6017 | Abyss:3  | Found a corrupted altar of Lugonu.
  6072 | Abyss:5  | Entered Level 5 of the Abyss
  6080 | D:14     | Escaped the Abyss
  6247 | D:13     | Noticed a cyclops
  6463 | D:12     | Noticed a hill giant
  6517 | D:11     | Noticed a kobold demonologist
  6689 | D:9      | Reached skill level 11 in Long Blades
  6954 | D:9      | Gained mutation: You are somewhat resistant to further mutation. [potion of mutation]
  7150 | D:9      | Gained mutation: Your spells are a little easier to cast, but a little less powerful. [potion of mutation]
  7404 | D:9      | Found a staircase to the Lair.
  7416 | D:9      | Noticed a centaur warrior
  7444 | D:9      | Killed a centaur warrior
  7625 | D:9      | Noticed Prince Ribbit
  7630 | D:9      | Killed Prince Ribbit
  7686 | D:9      | HP: 3/63 [orc/hand axe (8)]
  7786 | D:8      | You fall through a shaft for 3 floors!
  7839 | D:11     | Killed a gargoyle
  7839 | D:11     | Reached skill level 12 in Long Blades
  8044 | D:9      | BLOAX: soup
  8044 | D:9      | BLOAX: 8/10
  8044 | D:9      | 4thArraOfDagon: hhaaay
  8044 | D:9      | BLOAX: good defenses
  8073 | D:8      | Reached XP level 11. HP: 84/84 MP: 12/12
  8123 | D:8      | BLOAX: https://dl.dropboxusercontent.com/u/63152810/n/xcom/ayy/hehesnaketits2.gif i was bored yesterday
  8132 | D:8      | Killed Joseph
  8392 | D:8      | HP: 2/86 [two-headed ogre/giant club (14)]
  8399 | D:8      | Mangled by a two-headed ogre

Vault maps used:
D:1:      minmay_arrival_wavy_path, minmay_lizard_king
D:2:      minitemple, first_bread, uniq_sigmund
D:3:      grunt_gozag_breadcrumbs, minmay_misc_feat_tiny, uniq_natasha
D:4:      kennysheep_generic_room_10
D:5:      temple_statues, chequers_ossuary_entry_cave
D:6:      uniq_menkaure
D:7:      uniq_pikel
D:8:      old_forge, grunt_ministairs_13, st_stairs_4, uniq_joseph
D:9:      erik_lair_orcish_takeover, serial_shops, shop, uniq_prince_ribbit1
D:10:     orc_0_dummy, serial_shops, nicolae_shop_window_shopping,
          grunt_tengu_nest, evilmike_butchery
D:11:     uniq_josephine
D:13:     grunt_vaults_entry_tiered, serial_shops, shop_fountains
D:14:     grunt_decor_fettered, grunt_ministairs_9
Abyss:2:  hangedman_abyss_sting
Abyss:4:  evilmike_abyss_exit_6, hangedman_abyss_monster_moat,
          nicolae_abyss_rune_more_like_crabyss
Abyss:5:  small_statue_intersection, hangedman_abyss_rune_treasure_dump
Ossuary:  ossuary_tomb_1

Skill      XL: |  1  2  3  4  5  6  7  8  9 10 |
---------------+-------------------------------+-----
Long Blades    | 1 2 3 4 5 6 8 9 10 12 | 12.5
Armour         | 1 3 5 7 |  7.9
Fighting       | 2 4 5 7 |  7.8
Crossbows      | |  2.0
Dodging        | |  1.7
Spellcasting   | |  1.1
Hexes          | |  3.6

Action                   |  1- 3 |  4- 6 |  7- 9 | 10-12 || total
-------------------------+-------+-------+-------+-------++-------
Melee: Long sword        |    37 |    65 |       |    28 ||   130
       Great sword       |       |     5 |   389 |   299 ||   693
 Fire: Hand crossbow     |    16 |    44 |    26 |       ||    86
       Blowgun           |       |       |       |     7 ||     7
 Cast: Slow              |       |     1 |     2 |       ||     3
       Corona            |       |     1 |       |       ||     1
Invok: Sacrifice Artific |       |     1 |       |       ||     1
       Draw Out Power    |       |     1 |     6 |    11 ||    18
       Reject Sacrifices |       |       |     1 |     1 ||     2
       Sacrifice Purity  |       |       |     1 |       ||     1
 Abil: Dig               |     4 |    10 |    26 |    14 ||    54
       Shaft Self        |     2 |       |     3 |     3 ||     8
  Use: Potion            |     1 |       |       |     5 ||     6
       Scroll            |       |     2 |     8 |     8 ||    18
 Stab: Distracted        |       |       |     4 |     3 ||     7
       Invisible         |       |       |     3 |     6 ||     9
  Eat: Chunk             |       |     2 |    14 |    13 ||    29
       Royal jelly       |       |     1 |     1 |       ||     2
       Bread ration      |       |     1 |       |       ||     1
       Fruit             |       |       |     3 |       ||     3
       Pizza             |       |       |     1 |       ||     1
       Beef jerky        |       |       |       |     5 ||     5
Armor: Ring mail         |    19 |    46 |    86 |   106 ||   257
       Leather armour    |       |       |    23 |       ||    23
Dodge: Dodged            |    30 |    66 |   244 |   175 ||   515
